 Dungeon Sprint DCSS version 0.20-a0-556-g892c87b (webtiles) character file.

6850 Kidiri the Eclecticist (level 10, -3/64 HPs)
             Began as a Deep Elf Fire Elementalist on Feb 4, 2017.
             Was the Champion of Vehumet.
             Slain by a demonic crawler (8 damage)
             ... in the Dungeon (Sprint I: "Red Sonja").
             The game lasted 00:14:02 (2826 turns).

Kidiri the Eclecticist (Deep Elf Fire Elementalist) Turns: 2826, Time: 00:14:02

Health: -3/64      AC:  7    Str:  5    XL:     10   Next: 78%
Magic:  18/33      EV: 20    Int: 24    God:    Vehumet [******]
Gold:   459        SH:  8    Dex: 18    Spells: 9/43 levels left

rFire    . . .     SeeInvis +   l - +0 dagger
rCold    . . .     Gourm    .   m - +2 robe {MR+}
rNeg     + . .     Faith    .   a - +0 buckler
rPois    +         Spirit   .   (no helmet)
rElec    .         Reflect  +   (no cloak)
rCorr    .         Harm     .   e - +1 pair of gloves {Dex+3}
MR       ++...     NoTele   +   (no boots)
Stlth    +.........             n - amulet "Jivosach" {Reflect rPois SH+4 SInv Stlth-}
Regen    0.2/turn               (no ring)
                                p - ring of positive energy

@: no status effects
A: no striking features
a: Renounce Religion


You were in the Dungeon.
You worshipped Vehumet.
Vehumet was exalted by your worship.
You were not hungry.

You visited 1 branch You collected 1226 gold pieces.
You spent 767 gold pieces at shops.

Inventory:

Hand Weapons
 l - a +0 dagger (weapon)
Armour
 a - a +0 buckler (worn)
 e - a +1 pair of gloves of dexterity (worn)
 m - a +2 robe of magic resistance (worn)
Jewellery
 n - the amulet "Jivosach" (around neck) {Reflect rPois SH+4 SInv Stlth-}
   (You bought it in a shop in the Dungeon)

   [amulet of reflection]

   It shields you and reflects attacks.
   It protects you from poison.
   It lets you see invisible.
   It affects your SH (+4).
   It makes you less stealthy.
 p - a ring of positive energy (left hand)
Wands
 j - a wand of flame (13/48)
Scrolls
 g - a scroll of remove curse
 k - a scroll of magic mapping {unknown}
Potions
 d - a potion of curing
 h - a potion of berserk rage
Books
 b - a book of Flames

   Spells                             Type                      Level
   a - Flame Tongue                   Conjuration/Fire             1
   b - Throw Flame                    Conjuration/Fire             2
   c - Conjure Flame                  Conjuration/Fire             3
   d - Inner Flame                    Hexes/Fire                   3
   e - Sticky Flame                   Conjuration/Fire             4
   f - Fireball                       Conjuration/Fire             5
Comestibles
 c - a bread ration


   Skills:
 + Level 7.9 Fighting
 + Level 7.9 Armour
 + Level 11.3 Dodging
 - Level 2.4 Stealth
 * Level 17.1 Spellcasting
 + Level 10.7 Conjurations
 + Level 11.2 Fire Magic
 + Level 6.2 Air Magic
 + Level 0.0 Earth Magic
 + Level 3.4 Poison Magic


You had 9 spell levels left.
You knew the following spells:

 Your Spells              Type           Power        Failure   Level  Hunger
a - Flame Tongue          Conj/Fire      #####        1%          1    None
b - Throw Flame           Conj/Fire      ######       1%          2    None
c - Conjure Flame         Conj/Fire      ######..     1%          3    None
d - Inner Flame           Hex/Fire       #####...     1%          3    None
e - Sticky Flame          Conj/Fire      ######..     1%          4    None
f - Fireball              Conj/Fire      ######....   1%          5    None
g - Shock                 Conj/Air       ####         1%          1    None
h - Mephitic Cloud        Conj/Pois/Air  ######..     1%          3    None
i - Olgreb's Toxic Radia  Pois           #####...     3%          4    None
j - Ignite Poison         Fire/Tmut/Pois #####...     1%          3    None
k - Bolt of Magma         Conj/Fire/Erth ######....   2%          5    None


Dungeon Overview and Level Annotations

Branches:
Dungeon (1/1)

Altars:
Cheibriados
Dithmenos
Elyvilon
Fedhas
Gozag
Hepliaklqana
Kikubaaqudgha
Makhleb
Nemelex Xobeh
Okawaru
Qazlal
Ru
Sif Muna
Trog
Uskayaw
Vehumet
Xom
Yredelemnul
Zin
The Shining One
Jiyva
Lugonu

Shops:
D (%((}!=}!=%*}[:[=


Message History

The demonic crawler misses you. The demonic crawler hits you!
* * * LOW HITPOINT WARNING * * *
The demonic crawler hits you but does no damage.
There is an open door here.
You block the demonic crawler's attack. The demonic crawler barely misses you.
You block the demonic crawler's attack.
Things that are here:
a scythe; a robe
There is an open door here.
The demonic crawler barely misses you. x2
The demonic crawler completely misses you.
There is an open door here.
You see here a giant club.
You see here a club.
Evoke which item? (* to show all) (? for menu, Esc to quit)
Okay, then.
Unknown command.
Unknown command.
The demonic crawler hits you!
You die...

####################
#<.#..'..#..'..#__#.
#..@ss#..').#..'..'.
#..#####+#####+#__##
#..####..#...#.####§
#..#__####..##.#§§≈.
#..#_____##+#).+≈≈§§
#⌠⌠#_.∩...+.(._#≈≈≈§
####_..__##_(#+##+##
#_____###+#.#...)
############.####+##


You could see 2 demonic crawlers.

Vanquished Creatures
  2 centaur warriors (D)
  Sonja (D)
  2 unseen horrors (D)
  A deep troll (D)
  An oklob plant (D)
  2 kobold demonologists (D)
  2 demonic crawlers (D)
  A hornet (D)
  A slime creature (D)
  2 redbacks (D)
  Sigmund (D)
  A yak (D)
  2 floating eyes (D)
  7 necrophages (D)
  An ogre (D)
  8 jellies (D)
  Ijyb (D)
  3 ballistomycetes (D)
  A ballistomycete spore (D)
40 creatures vanquished.

Vanquished Creatures (others)
  A deep elf master archer (D)
  2 merfolk sirens (D)
  4 hornets (D)
  A ballistomycete spore (D)
8 creatures vanquished.

Grand Total: 48 creatures vanquished

Notes
Turn   | Place    | Note
-------+----------+-------------------------------------------
     0 | D        | Kidiri the Deep Elf Fire Elementalist began the quest for the Orb.
     0 | D        | Reached XP level 1. HP: 10/10 MP: 6/6
     2 | D        | Noticed Ijyb
    16 | D        | Killed Ijyb
    16 | D        | Reached skill level 6 in Spellcasting
    16 | D        | Reached XP level 2. HP: 5/15 MP: 0/11
    16 | D        | Reached XP level 3. HP: 6/19 MP: 0/12
    20 | D        | Learned a level 2 spell: Throw Flame
    24 | D        | Learned a level 3 spell: Conjure Flame
    28 | D        | Learned a level 3 spell: Inner Flame
   224 | D        | Noticed an ogre
   230 | D        | Killed an ogre
   230 | D        | Reached skill level 1 in Fighting
   230 | D        | Reached skill level 1 in Armour
   230 | D        | Reached skill level 8 in Spellcasting
   230 | D        | Reached skill level 5 in Fire Magic
   230 | D        | Reached XP level 4. HP: 26/26 MP: 9/16
   253 | D        | Learned a level 4 spell: Sticky Flame
   254 | D        | Noticed Sigmund
   263 | D        | Killed Sigmund
   263 | D        | Reached skill level 5 in Dodging
   263 | D        | Reached skill level 9 in Spellcasting
   263 | D        | Reached skill level 5 in Conjurations
   263 | D        | Reached XP level 5. HP: 21/32 MP: 7/19
   263 | D        | Reached XP level 6. HP: 24/37 MP: 7/20
   271 | D        | Learned a level 5 spell: Fireball
   367 | D        | Found a burning altar of Makhleb.
   367 | D        | Found a shimmering altar of Xom.
   367 | D        | Noticed a slime creature
   368 | D        | Found a viscous altar of Jiyva.
   368 | D        | Found a corrupted altar of Lugonu.
   379 | D        | Killed a slime creature
   379 | D        | Reached skill level 11 in Spellcasting
   564 | D        | Found a deep blue altar of Sif Muna.
   566 | D        | Found a radiant altar of Vehumet.
   588 | D        | Became a worshipper of Vehumet
   607 | D        | Found Kociokog's Food Emporium.
   607 | D        | Found an ancient bone altar of Kikubaaqudgha.
   607 | D        | Found a hazy altar of Hepliaklqana.
   607 | D        | Found a stormy altar of Qazlal.
   607 | D        | Found a hide-covered altar of Uskayaw.
   607 | D        | Found a blossoming altar of Fedhas.
   607 | D        | Found a bloodstained altar of Trog.
   607 | D        | Found an iron altar of Okawaru.
   607 | D        | Found a basalt altar of Yredelemnul.
   607 | D        | Found a glowing golden altar of the Shining One.
   607 | D        | Found a snail-covered altar of Cheibriados.
   607 | D        | Found a sacrificial altar of Ru.
   607 | D        | Found a glowing silver altar of Zin.
   607 | D        | Found a shadowy altar of Dithmenos.
   607 | D        | Found a white marble altar of Elyvilon.
   607 | D        | Noticed a yak
   613 | D        | Killed a yak
   613 | D        | Reached XP level 7. HP: 42/44 MP: 16/24
   615 | D        | Found an opulent altar of Gozag.
   616 | D        | Found a sparkling altar of Nemelex Xobeh.
   753 | D        | Noticed Sonja
   763 | D        | Killed Sonja
   763 | D        | Reached skill level 5 in Fighting
   763 | D        | Reached skill level 5 in Armour
   763 | D        | Reached skill level 13 in Spellcasting
   763 | D        | Reached XP level 8. HP: 21/49 MP: 15/27
   989 | D        | Killed a hornet
  1005 | D        | Killed a hornet
  1019 | D        | Found Wotebuf's Weapon Boutique.
  1027 | D        | Bought a +0 dagger for 22 gold pieces
  1041 | D        | Noticed a deep troll
  1049 | D        | Killed a deep troll
  1049 | D        | Reached * piety under Vehumet
  1049 | D        | Offered knowledge of Shock by Vehumet.
  1082 | D        | Found Qeitsa's Armour Emporium.
  1112 | D        | Learned a level 1 spell: Shock
  1413 | D        | Noticed a centaur warrior
  1414 | D        | Noticed a hornet
  1414 | D        | Noticed a centaur warrior
  1414 | D        | Killed a centaur warrior
  1414 | D        | Reached skill level 14 in Spellcasting
  1414 | D        | Reached XP level 9. HP: 55/55 MP: 17/29
  1434 | D        | Paralysed by a hornet for 1 turns
  1441 | D        | Killed a centaur warrior
  1441 | D        | Reached skill level 10 in Dodging
  1441 | D        | Reached skill level 15 in Spellcasting
  1441 | D        | Reached skill level 10 in Fire Magic
  1446 | D        | Noticed an oklob plant
  1538 | D        | Killed a deep elf master archer
  1628 | D        | Offered knowledge of Sandblast by Vehumet.
  1628 | D        | Reached ** piety under Vehumet
  1629 | D        | Killed an oklob plant
  1780 | D        | Noticed an unseen horror
  1781 | D        | Noticed an unseen horror
  1784 | D        | Killed an unseen horror
  1784 | D        | Offered knowledge of Mephitic Cloud by Vehumet.
  1784 | D        | Reached *** piety under Vehumet
  1784 | D        | Reached skill level 16 in Spellcasting
  1784 | D        | Reached skill level 10 in Conjurations
  1784 | D        | Reached XP level 10. HP: 43/63 MP: 22/32
  1786 | D        | Killed an unseen horror
  1786 | D        | Reached skill level 5 in Air Magic
  1793 | D        | Learned a level 3 spell: Mephitic Cloud
  1918 | D        | Offered knowledge of Olgreb's Toxic Radiance by Vehumet.
  1933 | D        | Killed a merfolk siren
  2034 | D        | Reached **** piety under Vehumet
  2043 | D        | Reached skill level 1 in Poison Magic
  2053 | D        | Reached ***** piety under Vehumet
  2229 | D        | Learned a level 4 spell: Olgreb's Toxic Radiance
  2235 | D        | Found Caikion's Weapon Shoppe.
  2235 | D        | Found Kereub's Weapon Shop.
  2235 | D        | Found Fumof's Gadget Boutique.
  2237 | D        | Found Yshriuwer's Distillery.
  2237 | D        | Found Ecsuing's Jewellery Shop.
  2237 | D        | Found Nischil's Gadget Shoppe.
  2237 | D        | Found Dorij's Distillery.
  2237 | D        | Found Fyez's Jewellery Emporium.
  2237 | D        | Found Cedug's Food Shop.
  2237 | D        | Found Raxenish's General Store.
  2242 | D        | Found Utuyty's Gadget Boutique.
  2243 | D        | Found Raezahu's Book Emporium.
  2243 | D        | Found Ustrirgh's Armour Boutique.
  2244 | D        | Found Zugoed's Jewellery Emporium.
  2252 | D        | Bought a +0 buckler for 63 gold pieces
  2252 | D        | Bought a +1 pair of gloves of dexterity for 231 gold pieces
  2279 | D        | Bought the amulet "Jivosach" {Reflect rPois SH+4 SInv Stlth-} for 451 gold pieces
  2377 | D        | Offered knowledge of Ignite Poison by Vehumet.
  2385 | D        | Reached ****** piety under Vehumet
  2476 | D        | Learned a level 3 spell: Ignite Poison
  2491 | D        | Killed a merfolk siren
  2501 | D        | Offered knowledge of Bolt of Magma by Vehumet.
  2501 | D        | Reached skill level 17 in Spellcasting
  2779 | D        | Learned a level 5 spell: Bolt of Magma
  2815 | D        | HP: 3/64 [demonic crawler (11)]
  2826 | D        | Slain by a demonic crawler

Vault maps used:
D:        dungeon_sprint_1

Skill      XL: |  1  2  3  4  5  6  7  8  9 10 |
---------------+-------------------------------+-----
Spellcasting   | 6 8 9 11 13 14 16 17 | 17.1
Conjurations   | 3 4 5 6 7 9 10 | 10.7
Fire Magic     | 4 5 6 7 8 9 10 11 | 11.2
Fighting       | 1 3 4 5 6 7 |  7.9
Armour         | 1 3 4 5 6 7 |  7.9
Dodging        | 3 5 7 8 9 10 11 | 11.3
Air Magic      | 2 4 6 |  6.2
Poison Magic   | 3 |  3.4
Stealth        | |  2.4

Action                   |  1- 3 |  4- 6 |  7- 9 | 10-12 || total
-------------------------+-------+-------+-------+-------++-------
Melee: Unarmed           |       |     1 |       |       ||     1
       Dagger            |       |       |    83 |     5 ||    88
 Cast: Flame Tongue      |    14 |    10 |    20 |    31 ||    75
       Sticky Flame      |       |     3 |     5 |    11 ||    19
       Conjure Flame     |       |     1 |     3 |     3 ||     7
       Fireball          |       |       |     9 |     2 ||    11
       Mephitic Cloud    |       |       |       |     4 ||     4
       Ignite Poison     |       |       |       |     4 ||     4
       Bolt of Magma     |       |       |       |     2 ||     2
       Inner Flame       |       |       |       |     2 ||     2
  Use: Potion            |     1 |       |     2 |     4 ||     7
       Scroll            |       |       |     3 |     1 ||     4
 Stab: Sleeping          |       |       |       |     1 ||     1
  Eat: Meat ration       |       |       |     1 |       ||     1
       Chunk             |       |       |     1 |       ||     1
Armor: Robe              |       |       |     2 |    13 ||    15
Dodge: Dodged            |     7 |     5 |    19 |    90 ||   121
Block: Buckler           |       |       |       |    31 ||    31
